 Seeded DCSS version 0.31-a0-277-g31ea1f65cc (webtiles) character file.

Game seed: 8917691805809255915 (custom seed)

124315 bmack86 the Warrior (level 16, -13/157 HPs)
             Began as a Minotaur Fighter on July 15, 2023.
             Was the Champion of Okawaru.
             Killed from afar by Nikola (35 damage)
             ... with a bolt of lightning
             ... on level 2 of the Spider Nest.
             The game lasted 01:09:57 (20577 turns).

bmack86 the Warrior (Minotaur Fighter)             Turns: 20577, Time: 01:09:58

Health: -13/157    AC: 33    Str: 27    XL:     16   Next: 39%
Magic:  23/23      EV: 13    Int:  8    God:    Okawaru [******]
Gold:   2430       SH: 24    Dex: 27    Spells: 15/15 levels left

rFire   + . .        t - +7 broad axe (vamp)
rCold   . . .        S - +0 tower shield
rNeg    . . .        a - +9 chain mail of the Playwright {Fly rF+}
rPois   +            q - +1 hat
rElec   .            E - +1 cloak
rCorr   .            f - +0 pair of gloves {hurl}
SInv    .            O - +2 pair of boots of Zautuqy {rPois Regen+ Int+3 Dex+3}
Will    +....        s - amulet of regeneration
Stlth   +            P - +6 ring of dexterity
HPRegen 2.06/turn    C - +6 ring of dexterity
MPRegen 0.18/turn

%: no passive effects
@: heroic, flying, studying Transmutations
A: horns 2, retaliatory headbutt
a: Renounce Religion, Heroism, Finesse, Duel


You were on level 2 of the Spider Nest.
You worshipped Okawaru.
Okawaru was exalted by your worship.
You visited 5 branches of the dungeon, and saw 25 of its levels.
You also visited: Gauntlet.

You collected 2965 gold pieces.
You spent 535 gold pieces at shops.

Inventory:

Hand Weapons
 t - a +7 vampiric broad axe (weapon)
 Q - a +2 broad axe
 R - a +1 war axe of flaming
Missiles
 m - 22 javelins (quivered)
 x - 32 boomerangs
 z - 2 curare-tipped darts
 F - 3 silver javelins
Armour
 a - the +9 chain mail of the Playwright (worn) {Fly rF+}
   (Okawaru gifted it to you on level 14 of the Dungeon)

   rF:        It protects you from fire.
   Fly:       It grants you flight.
 f - a +0 pair of gloves of hurling (worn)
 q - a +1 hat (worn)
 E - a +1 cloak (worn)
 O - the +2 pair of boots of Zautuqy (worn) {rPois Regen+ Int+3 Dex+3}
   (Okawaru gifted it to you on level 15 of the Dungeon)

   Int:       It affects your intelligence (+3).
   Dex:       It affects your dexterity (+3).
   rPois:     It protects you from poison.
   Regen:     It increases your rate of health regeneration.
 S - a +0 tower shield (worn)
Jewellery
 b - a ring of protection from cold
 s - an amulet of regeneration (around neck)
 C - a +6 ring of dexterity (right hand)
 D - a ring of protection from fire
 I - a +5 ring of evasion
 K - a ring of see invisible
 N - a ring of resist corrosion
 P - a +6 ring of dexterity (left hand)
 Z - a +6 ring of dexterity
Wands
 j - a wand of mindburst (9)
 p - a wand of light (12)
 u - a wand of paralysis (25)
 w - a wand of digging (12)
 A - a wand of flame (23)
 B - a wand of iceblast (8)
Scrolls
 c - a scroll of blinking
 e - a scroll of fog
 y - 12 scrolls of teleportation
 G - a scroll of fear
 W - 8 scrolls of identify
Potions
 d - 3 potions of lignification
 g - 8 potions of curing
 h - 3 potions of enlightenment
 n - 5 potions of mutation
 o - 2 potions of cancellation
 v - 2 potions of haste
 H - a potion of resistance
 J - 5 potions of heal wounds
 L - a potion of berserk rage
 T - 3 potions of might
 U - a potion of invisibility
 V - 3 potions of ambrosia


   Skills:
 + Level 18.2(23.2) Fighting
 - Level 18.0(23.0) Axes
 + Level 8.0(13.0) Throwing
 + Level 14.6(19.6) Armour
 * Level 13.6(18.6) Shields
 + Level 11.9 Invocations


You had 15 spell levels left.
You didn't know any spells.
Your spell library contained the following spells:

 Spells                   Type           Power      Damage    Failure   Level
 Foxfire                  Conj/Fire      0%         2x1d4     89%         1
 Magic Dart               Conj           0%         1d3       89%         1
 Blink                    Tloc           0%         N/A       96%         2
 Ensorcelled Hibernation  Hex/Ice        0%         N/A       96%         2
 Lesser Beckoning         Tloc           0%         N/A       96%         2
 Momentum Strike          Conj/Tloc      0%         3d8       96%         2
 Passwall                 Tmut/Erth      0%         N/A       96%         2
 Poisonous Vapours        Pois/Air       0%         N/A       96%         2
 Scorch                   Fire           0%         2d5       96%         2
 Searing Ray              Conj           0%         2d4       96%         2
 Sublimation of Blood     Necr           0%         N/A       96%         2
 Wereblood                Tmut           0%         N/A       96%         2
 Mephitic Cloud           Conj/Pois/Air  0%         N/A       99%         3
 Swiftness                Air            0%         N/A       99%         3
 Volatile Blastmotes      Fire/Tloc      0%         2d10      99%         3
 Cause Fear               Hex            0%         N/A       100%        4
 Flame Wave               Conj/Fire      0%         2d4       100%        4
 Fulminant Prism          Conj/Hex       0%         3d5       100%        4
 Iskenderun's Mystic Bla  Conj/Tloc      0%         2d3       100%        4
 Passage of Golubria      Tloc           0%         N/A       100%        4
 Alistair's Intoxication  Tmut/Pois      0%         N/A       100%        5
 Borgnjor's Vile Clutch   Necr/Erth      0%         N/A       100%        5
 Fireball                 Conj/Fire      0%         3d3       100%        5
 Freezing Cloud           Conj/Ice/Air   0%         6-21      100%        5
 Yara's Violent Unravell  Hex/Tmut       0%         3d3       100%        5
 Eringya's Noxious Bog    Tmut/Pois      0%         4d6       100%        6
 Plasma Beam              Fire/Air       0%         2x1d10    100%        6
 Starburst                Conj/Fire      0%         6d3       100%        6
 Call Imp                 Summ           Unusable   N/A       N/A         2
 Tukima's Dance           Hex            Unusable   N/A       N/A         3
 Summon Cactus Giant      Summ           Unusable   N/A       N/A         6
 Summon Hydra             Summ           Unusable   N/A       N/A         7
 Dragon's Call            Summ           Unusable   N/A       N/A         9

Dungeon Overview and Level Annotations

Branches:
Dungeon (15/15)            Temple (1/1) D:4            Lair (5/5) D:9
 Shoals (0/4) Lair:2       Spider (2/4) Lair:3        Slime (0/5) Lair:4
    Orc (2/2) D:12            Elf (0/3) Orc:2        Vaults (0/5) D:13
 Depths (0/4) D:15        Gauntlet (visited)

Altars:
Ashenzari
Cheibriados
Dithmenos
Elyvilon
Fedhas
Gozag
Hepliaklqana
Kikubaaqudgha
Makhleb
Nemelex Xobeh
Okawaru
Qazlal
Ru
Sif Muna
Trog
Uskayaw
Vehumet
Wu Jian
Xom
Yredelemnul
Zin
The Shining One
Jiyva

Shops:
D:1 (   D:4 [   D:5 (   D:7 *   D:9 ((?   Orc:1 !   Orc:2 [=*(

Portals:
Trove: D:15 (give +4 shadow dragon scales)

Annotations:
Spider:2 Nikola


Innate Abilities, Weirdness & Mutations

You have a pair of horns on your head.
You reflexively headbutt those who attack you in melee.


Message History

Nikola blinks!
You are caught in the web!
There is a web here.
You disentangle yourself.
The wolf spider hits you but does no damage.
You block the wolf spider's attack. You block the wolf spider's attack.
The wolf spider bites you! The wolf spider barely misses you.
You block the wolf spider's attack.
The wolf spider attacks as you move away!
You block the wolf spider's attack. x2
A tarantella comes into view.
You block Nikola's attack. You block the wolf spider's attack.
The wolf spider bites you but does no damage.
You barely miss the wolf spider.
You headbutt the wolf spider, but do no damage.
The wolf spider is severely wounded.
You slash Nikola! You block the wolf spider's attack. x2
You slash the wolf spider!
You feel better.
You headbutt the wolf spider.
The wolf spider is almost dead.
You completely miss Nikola. You block Nikola's attack.
You block the wolf spider's attack.
The wolf spider bites you but does no damage.
You slash the wolf spider!
You kill the wolf spider!
Okawaru accepts your kill.
You slash Nikola! You block Nikola's attack.
Nikola casts a spell.
Lightning arcs from Nikola's hands!
The bolt of lightning hits you!!!!
* * * LOW HITPOINT WARNING * * *
A bolt of lightning appears from out of thin air!
The bolt of lightning hits Nikola.
The bolt of lightning hits the tarantella!!!
The tarantella dies!
A jumping spider comes into view.
You hear a faint skittering sound. x2; You hear a skittering sound.
You slice Nikola!! You headbutt Nikola!
Nikola is almost dead.
Nikola gestures at you while chanting. The bolt of lightning hits you!!
You die...

.....^ ...#.#. . .#.s.
....... ..#>... .#.....
..........#.#...#.......
..............<.........
........#...#...........
...........#.....†......
...#..<........#.#######
..#............@@..†...####
#......#.......#..........#
.†#.............^.######°.#
..†..#...........##
..#.#...#......###
#......#.....###
........#...##
..#.........# .#...[......#


You could see Nikola and a jumping spider.

Vanquished Creatures
  The ghost of Jyasoedi the Destroyer, a journeyman DsEE of Vehumet (D:15)
  The ghost of Babbit the Severer, a journeyman MiFi of Okawaru (Spider:2)
  An orc warlord (Orc:2)
  The ghost of pokeman the Sorcerer, a journeyman DEHW of Vehumet (Orc:2)
  Nessos (D:13)
  A minotaur (Gauntlet)
  2 eidola (D:15)
  8 vault guards (D:13)
  Erolcha (Orc:1)
  A rakshasa (D:15)
  9 hydras
  An ogre mage (D:14)
  3 centaur warriors
  3 catoblepae
  Erica (D:9)
  8 two-headed ogres
  2 death scarabs (Gauntlet)
  3 boulder beetles
  6 death yaks
  4 demonic crawlers (Spider:1)
  Urug (Lair:5)
  An orc high priest (Orc:2)
  Nergalle (D:11)
  3 skysharks
  2 pharaoh ants
  A spectral death yak (Gauntlet)
  A shadow wraith (D:15)
  5 skeletal warriors (D:12)
  A sun moth (Spider:2)
  Lodul (D:11)
  A glowing orange brain (D:15)
  2 flayed ghosts (D:15)
  2 spectral hydras (Gauntlet)
  An orb spider (Spider:1)
  A lindwurm (Lair:4)
  A steelbarb worm (Spider:2)
  6 orc knights
  7 wolf spiders
  26 ugly things
  4 deep elf pyromancers
  A manticore (D:15)
  5 orc sorcerers
  7 cyclopes
  2 moths of wrath (Spider:1)
  11 elephants (Lair:5)
  2 torpor snails
  Maurice (D:8)
  An apocalypse crab (Gauntlet)
  4 black mambas
  3 kobold demonologists
  2 unseen horrors
  Maggie (Lair:1)
  3 rime drakes
  A gargoyle (D:14)
  6 cane toads
  An efreet (D:15)
  8 komodo dragons
  2 tengu conjurers
  A freezing wraith (D:15)
  3 yaktaurs (D:15)
  3 trolls
  3 meliai (D:15)
  5 polar bears
  Grinder (D:4)
  A merfolk (shapeshifter) (D:15)
  8 tarantellas
  A dream sheep (Lair:5)
  7 hornets
  A raiju (shapeshifter) (D:15)
  19 blink frogs
  8 culicivoras
  4 slime creatures (D:15)
  13 spriggans (Lair:5)
  8 jumping spiders (Spider:1)
  40 yaks
  2 wraiths (D:11)
  A vampire (D:13)
  7 wyverns
  3 basilisks
  12 redbacks
  A steam dragon (D:6)
  4 vampire mosquitoes (D:12)
  3 acid dragons
  5 wargs (Orc:2)
  8 water moccasins
  7 black bears
  3 sky beasts
  An ice beast (D:7)
  13 ogres
  30 orc warriors
  3 boggarts (Lair:5)
  10 centaurs
  31 wolves
  2 phantoms (D:6)
  5 kobold brigands
  Blork the orc (Orc:2)
  10 bullfrogs
  3 scorpions
  2 gnoll sergeants
  3 wights (D:9)
  4 killer bees (D:8)
  7 howler monkeys
  6 jellies
  20 orc priests
  4 gnoll boudas (D:6)
  7 hounds
  A sleepcap (D:8)
  3 iguanas
  21 orc wizards
  Robin (D:3)
  35 gnolls
  5 adders
  4 white imps
  2 ufetubi (D:6)
  4 worms
  4 dart slugs
  72 orcs
  11 ball pythons
  6 bats
  8 endoplasms
  3 giant cockroaches
  18 goblins
  15 hobgoblins
  12 jackals (D:3)
  3 quokkas
  3 frilled lizards
  37 kobolds
  5 rats
804 creatures vanquished.

Vanquished Creatures (others)
  A tarantella (Spider:2)
  A jumping spider (Spider:2)
  An orc (D:15)
3 creatures vanquished.

Grand Total: 807 creatures vanquished

Notes
Turn   | Place    | Note
-------+----------+-------------------------------------------
     0 | D:1      | bmack86 the Minotaur Fighter began the quest for the Orb.
     0 | D:1      | Reached XP level 1. HP: 19/19 MP: 0/0
    32 | D:1      | Found Duod's Antique Weapon Shoppe.
   135 | D:1      | Reached XP level 2. HP: 21/26 MP: 1/1
   343 | D:1      | Reached XP level 3. HP: 31/31 MP: 2/2
   674 | D:2      | Found a faded altar of an unknown god.
   960 | D:2      | Reached skill level 5 in Axes
  1069 | D:2      | Found a stormy altar of Qazlal.
  1078 | D:2      | Reached XP level 4. HP: 39/39 MP: 3/3
  1607 | D:4      | Found Rugem's Antique Armour Shoppe.
  1676 | D:4      | Found a staircase to the Ecumenical Temple.
  1682 | Temple   | Entered the Ecumenical Temple
  1682 | Temple   | Found a transporter.
  1682 | Temple   | Found a transporter.
  1685 | Temple   | Found a transporter.
  1685 | Temple   | Found a transporter.
  1719 | Temple   | Became a worshipper of Warmaster Okawaru
  1760 | D:4      | Noticed a sky beast
  1769 | D:4      | Killed a sky beast
  1770 | D:4      | Reached XP level 5. HP: 38/45 MP: 4/4
  1792 | D:4      | Noticed a black bear
  1800 | D:4      | Killed a black bear
  1801 | D:4      | Reached XP level 6. HP: 39/51 MP: 5/5
  2212 | D:4      | Reached * piety under Okawaru
  2847 | D:3      | Identified the +0 helmet "Daitaacu" {rC- rN+ Str-4 Dex+5}
  2847 | D:3      | Noticed Robin
  2859 | D:3      | Killed Robin
  2975 | D:3      | Noticed Grinder
  2988 | D:3      | Paralysed by Grinder for 3 turns
  3101 | D:1      | Bought a runed broad axe for 189 gold pieces
  3453 | D:3      | Reached XP level 7. HP: 32/57 MP: 6/6
  3591 | D:3      | Reached skill level 10 in Axes
  3713 | D:3      | Reached ** piety under Okawaru
  3975 | D:4      | Killed Grinder
  3976 | D:4      | Reached XP level 8. HP: 62/64 MP: 7/7
  4006 | D:5      | Entered Level 5 of the Dungeon
  4093 | D:5      | Found Bire's Weapon Shoppe.
  4225 | D:5      | Found the +0 toga "Victory" {*Victory Clar}
  4233 | D:5      | Reached *** piety under Okawaru
  4261 | D:5      | Found a hide-covered altar of Uskayaw.
  4286 | D:5      | Found an ancient bone altar of Kikubaaqudgha.
  4687 | D:6      | Reached XP level 9. HP: 70/70 MP: 8/8
  5411 | D:7      | Reached **** piety under Okawaru
  5412 | D:7      | Reached skill level 15 in Axes
  5452 | D:7      | Identified the +5 ring mail of Life {rF+ Dex+4}
  6028 | D:7      | Found Xalah's Overcharged Wands.
  6157 | D:8      | Noticed a two-headed ogre
  6199 | D:8      | Killed a two-headed ogre
  6260 | D:8      | Noticed Maurice
  6260 | D:8      | Paralysed by Maurice for 4 turns
  6302 | D:8      | Paralysed by something for 5 turns
  6309 | D:8      | Killed Maurice
  6310 | D:8      | Reached XP level 10. HP: 77/77 MP: 6/9
  6339 | D:8      | Found a shimmering blue altar of Sif Muna.
  6962 | D:9      | Found Acyoheti's Antique Weapon Boutique.
  7174 | D:9      | Reached ***** piety under Okawaru
  7245 | D:9      | Found a staircase to the Lair.
  7314 | D:9      | Noticed Erica
  7329 | D:9      | Killed Erica
  7330 | D:9      | Reached skill level 1 in Invocations
  7333 | D:9      | Reached skill level 5 in Fighting
  7483 | D:9      | Noticed a two-headed ogre
  7491 | D:9      | Killed a two-headed ogre
  7492 | D:9      | Reached skill level 5 in Armour
  7566 | D:9      | Found Daiqik's Weapon Shoppe.
  7708 | D:9      | Found Acoroj's Magic Scroll Boutique.
  7718 | D:9      | Bought a scroll of enchant weapon for 97 gold pieces
  7718 | D:9      | Bought a scroll of teleportation for 39 gold pieces
  8302 | D:10     | Entered Level 10 of the Dungeon
  8466 | D:10     | Reached XP level 11. HP: 57/92 MP: 12/12
  8480 | D:10     | Identified the +5 chain mail of Okawaru's Scorn {Str+4}
                  | (Okawaru gifted it to you on level 10 of the Dungeon)
  8480 | D:10     | Received a gift from Okawaru
  8902 | D:10     | Found an opulent altar of Gozag.
  8903 | D:10     | Found a white marble altar of Elyvilon.
  9113 | D:11     | Identified the +1 ring mail of Racain {Int+3 Dex+3 Slay+3}
  9191 | D:11     | Noticed Lodul
  9208 | D:11     | Killed Lodul
  9326 | D:11     | Noticed Nergalle
  9335 | D:11     | Killed Nergalle
  9771 | D:11     | Noticed a boulder beetle
  9788 | D:11     | Killed a boulder beetle
  9789 | D:11     | Reached skill level 5 in Invocations
  9876 | D:11     | Noticed a soul eater
  9887 | D:11     | Reached skill level 10 in Fighting
 10056 | D:12     | Found a staircase to the Orcish Mines.
 10101 | D:12     | Noticed a deep elf pyromancer
 10131 | D:12     | Killed a deep elf pyromancer
 10238 | D:12     | Reached ****** piety under Okawaru
 10238 | D:12     | Received a gift from Okawaru
 10309 | D:12     | Noticed a centaur warrior
 10326 | D:12     | Killed a centaur warrior
 10327 | D:12     | Reached XP level 12. HP: 102/110 MP: 15/15
 10495 | D:12     | Received a gift from Okawaru
 10515 | D:12     | Identified the +2 robe "Poetuow" {Harm Str+2 Dex+2 Slay-4}
 10679 | D:12     | Found an ornate altar of the Wu Jian Council.
 11141 | D:13     | Noticed a vault guard
 11141 | D:13     | Noticed a vault guard
 11141 | D:13     | Noticed a vault guard
 11142 | D:13     | Found a gate to the Vaults.
 11142 | D:13     | Noticed a vault guard
 11142 | D:13     | Noticed a vault guard
 11142 | D:13     | Noticed a vault guard
 11142 | D:13     | Noticed a vault guard
 11143 | D:13     | Noticed a vault guard
 11156 | D:13     | Killed a vault guard
 11165 | D:13     | Killed a vault guard
 11169 | D:13     | Killed a vault guard
 11169 | D:13     | Received a gift from Okawaru
 11173 | D:13     | Killed a vault guard
 11182 | D:13     | Killed a vault guard
 11183 | D:13     | Reached skill level 10 in Armour
 11186 | D:13     | Killed a vault guard
 11192 | D:13     | Killed a vault guard
 11195 | D:13     | Killed a vault guard
 11249 | D:13     | Noticed Nessos
 11262 | D:13     | Killed Nessos
 11448 | D:14     | Identified the +9 chain mail of the Playwright {Fly rF+}
                  | (Okawaru gifted it to you on level 14 of the Dungeon)
 11448 | D:14     | Received a gift from Okawaru
 11502 | D:14     | Reached XP level 13. HP: 87/124 MP: 18/18
 11686 | D:14     | Reached skill level 15 in Fighting
 11984 | Lair:1   | Entered Level 1 of the Lair of Beasts
 12339 | Lair:1   | Noticed Maggie
 12349 | Lair:1   | Killed Maggie
 12797 | Lair:2   | Reached skill level 1 in Throwing
 12882 | Lair:2   | Received a gift from Okawaru
 13087 | Lair:2   | Found a hide-covered altar of Uskayaw.
 13087 | Lair:2   | Found an ornate altar of the Wu Jian Council.
 13397 | Lair:2   | Identified the +1 leather armour of Beogh's Condemnation
                  | {rF+ rC+}
 13448 | Lair:2   | Found a staircase to the Shoals.
 13647 | Lair:3   | Reached skill level 5 in Shields
 13662 | Lair:3   | Reached XP level 14. HP: 63/137 MP: 20/20
 13682 | Lair:3   | Identified the +0 pair of boots of Histrionic Happiness
                  | {rN+ Will+ Regen+ Str-2} (Okawaru gifted it to you on level
                  | 3 of the Lair of Beasts)
 13682 | Lair:3   | Received a gift from Okawaru
 13726 | Lair:3   | Identified the +1 ring mail of Absence {-Tele Harm Dex+5}
 13813 | Lair:3   | Found a hole to the Spider Nest.
 13941 | Lair:3   | Found a gate leading to a gauntlet.
 13953 | Gauntlet | Entered a Gauntlet
 13953 | Gauntlet | Found a transporter.
 13957 | Gauntlet | Found a transporter.
 13959 | Gauntlet | Found a transporter.
 13963 | Gauntlet | Found a transporter.
 13964 | Gauntlet | Found a transporter.
 13965 | Gauntlet | Found a transporter.
 13968 | Gauntlet | Found a runed translucent door.
 13973 | Gauntlet | Found a runed translucent door.
 13977 | Gauntlet | Found a transporter.
 13997 | Gauntlet | Found a transporter.
 14018 | Gauntlet | Found a transporter.
 14027 | Gauntlet | Found a transporter.
 14035 | Gauntlet | Found a transporter.
 14096 | Gauntlet | Found a transporter.
 14193 | Gauntlet | Identified the +1 pair of boots "Raju" {Int+3}
 14699 | Lair:3   | Reached skill level 10 in Invocations
 14980 | Lair:4   | Found a viscous altar of Jiyva.
 14980 | Lair:4   | Found a staircase to the Slime Pits.
 15398 | Lair:4   | Identified the +3 long sword "Teont" {heavy, rElec rF- rC+
                  | Int+2}
 15407 | Lair:4   | Received a gift from Okawaru
 15713 | Lair:5   | Entered Level 5 of the Lair of Beasts
 15782 | Lair:5   | Reached skill level 5 in Throwing
 15785 | Lair:5   | Received a gift from Okawaru
 15967 | Lair:5   | Found the Hermit's Pendant {Faith Invo=14 Evo=0 MP+5}
 16023 | Lair:5   | Received a gift from Okawaru
 16204 | Lair:5   | Noticed Urug
 16212 | Lair:5   | Killed Urug
 16244 | Lair:5   | Received a gift from Okawaru
 16246 | Lair:5   | Reached XP level 15. HP: 146/147 MP: 21/21
 16395 | Lair:5   | Reached skill level 10 in Shields
 16433 | Lair:5   | Received a gift from Okawaru
 16611 | Lair:5   | Identified the +5 hand axe "Favoac" {freeze, SInv Stlth+}
 17128 | Orc:1    | Entered Level 1 of the Orcish Mines
 17152 | Orc:1    | Noticed Erolcha
 17161 | Orc:1    | Killed Erolcha
 17161 | Orc:1    | Received a gift from Okawaru
 17232 | Orc:2    | Entered Level 2 of the Orcish Mines
 17601 | Orc:2    | Noticed Blork the orc
 17626 | Orc:2    | Killed Blork the orc
 17627 | Orc:2    | Found Ibewuj's Antique Weapon Emporium.
 17637 | Orc:2    | Found Sire's Jewellery Emporium.
 17797 | Orc:2    | Found Dacegg's General Store.
 17803 | Orc:2    | Bought a potion of heal wounds for 65 gold pieces
 17803 | Orc:2    | Bought a scroll of enchant weapon for 97 gold pieces
 17883 | Orc:2    | Found a staircase to the Elven Halls.
 17886 | Orc:2    | Found a transporter.
 17890 | Orc:2    | Noticed pokeman's ghost (journeyman DEHW)
 17963 | Orc:2    | Found Piesit's Antique Armour Emporium.
 18071 | Orc:2    | Found a transporter.
 18092 | Orc:2    | Killed pokeman's ghost
 18092 | Orc:2    | Received a gift from Okawaru
 18100 | Orc:2    | Identified the +6 scimitar of Ignis's Reproof {heavy, rF+
                  | Str+3 Int+2 Dex+3}
 18396 | Orc:1    | Found Epruy's Distillery.
 18401 | Orc:1    | Bought a potion of might for 48 gold pieces
 18629 | D:14     | Found a sparkling altar of Nemelex Xobeh.
 18784 | D:15     | Entered Level 15 of the Dungeon
 18980 | D:15     | Identified the +2 pair of boots of Zautuqy {rPois Regen+
                  | Int+3 Dex+3} (Okawaru gifted it to you on level 15 of the
                  | Dungeon)
 18980 | D:15     | Received a gift from Okawaru
 19041 | D:15     | Found a staircase to the Depths.
 19104 | D:15     | Identified the +0 robe of Heresy {rF+ Will+ Int+3}
 19204 | D:15     | Found a portal to a secret trove of treasure.
 19290 | D:15     | Found a runed translucent gate.
 19292 | D:15     | Found a runed translucent gate.
 19293 | D:15     | Found a runed translucent gate.
 19294 | D:15     | Noticed Jyasoedi's ghost (journeyman DsEE)
 19308 | D:15     | Reached XP level 16. HP: 121/157 MP: 16/23
 19320 | D:15     | Killed Jyasoedi's ghost
 19737 | Spider:1 | Entered Level 1 of the Spider Nest
 20358 | Spider:2 | Noticed Babbit's ghost (journeyman MiFi)
 20375 | Spider:2 | Found a runed translucent door.
 20421 | Spider:2 | Killed Babbit's ghost
 20556 | Spider:2 | Noticed Nikola
 20577 | Spider:2 | Killed from afar by Nikola

Illustrated notes

Levels and vault maps discovered:
D:1:      psy_arrival_statuary, layout_basic, serial_shops, shop,
          minmay_pentomino_q4
D:2:      layout_basic, shapermc_ecumenical_altar_ellora, basic_altar
D:3:      lemuel_castle_with_subvaults [lemuel_castle_interior_carwin_2],
          layout_basic, uniq_grinder, uniq_robin
D:4:      layout_basic, temple_green, serial_shops, shop
D:5:      layout_rooms, general_overflow_altar, mainiacjoe_overflow_alcove_1,
          serial_shops, nicolae_shop_bloodbath_and_beyond
D:6:      kennysheep_housing_project, layout_basic
D:7:      layout_gridville, nicolae_shop_overcharged_wands
D:8:      layout_loops_ring, lemuel_doored_altar, nrook_pool_corridor,
          minmay_misc_feat_chi, uniq_maurice
D:9:      layout_loops_ring, david_lair_generic, serial_shops,
          nicolae_shop_overgrown_old_shop, nicolae_lakefront_shop,
          nicolae_shop_trees, chequers_avenue, uniq_erica
D:10:     layout_long_grid, gammafunk_temple_overflow_pools
D:11:     layout_cave_pods, uniq_lodul, uniq_nergalle
D:12:     layout_small_grid, minmay_orc_entry_temple_small,
          pdpol_wu_jian_five_deadly_venoms
D:13:     layout_layer_cave, erik_vaults_2, uniq_nessos
D:14:     layout_rooms, minivault_19, nemelex_altar_shiori
D:15:     gammafunk_enter_depths_forms, layout_rooms, minmay_stone_trees_small,
          gammafunk_ghost_spectres, nicolae_trove_entry_crossroad
Temple:   hellmonk_temple_divided_pantheon
Lair:1:   layout_chaotic_city, uniq_maggie
Lair:2:   layout_gridlike, elwin_shoals_entry_rocks,
          nzn_masters_of_martial_movement, infiniplex_staircase_pool,
          grunt_megastairs_3, serial_bayou_shore_b
Lair:3:   layout_cellular_growth, nicolae_spider_entry_lesser_pyramids,
          gauntlet_entry_generic, grunt_megastairs_5,
          infiniplex_staircase_pool_2, serial_bayou_shore_a
Lair:4:   layout_regular_city, nicolae_slime_entry_slimehenge,
          chequers_serial_rivers_large_a
Lair:5:   minmay_lair_end_enchanted_forest, layout_layer_cave, uniq_urug
Spider:1: layout_spider_delve
Spider:2: nicolae_spider_mines_2, hellmonk_ghost_happy_afterlife,
          nicolae_spider_webs_and_nodes, nicolae_spider_twisty_arc_passages,
          uniq_nikola
Orc:1:    layout_diamond_mine, serial_shops, shop, uniq_erolcha
Orc:2:    grunt_orc_cross, layout_caves, gammafunk_ghost_smash

Skill      XL: |  1  2  3  4  5  6  7  8  9 10 11 12 13 14 15 16 |
---------------+-------------------------------------------------+-----
Axes           | 3 4 5 7 8 9 11 14 17 18 | 18.0
Fighting       | 7 11 14 16 17 18 | 18.2
Armour         | 5 8 10 12 13 14 | 14.6
Invocations    | 3 6 8 9 10 11 | 11.9
Throwing       | 2 5 7 8 |  8.0
Shields        | 5 9 12 13 | 13.6

Action                     |  1- 3 |  4- 6 |  7- 9 | 10-12 | 13-15 | 16-18 || total
---------------------------+-------+-------+-------+-------+-------+-------++-------
  Melee: War axe           |    74 |   119 |       |       |    29 |       ||   222
         Headbutt          |     8 |    20 |    22 |   104 |   301 |    58 ||   513
         Broad axe         |       |     9 |   246 |   463 |  1022 |   196 ||  1936
  Throw: Javelin           |       |     3 |     2 |       |    14 |       ||    19
 Invoke: Heroism           |       |       |     3 |     7 |     9 |     1 ||    20
         Finesse           |       |       |       |     2 |     4 |       ||     6
    Use: Scroll            |     2 |     5 |     6 |    11 |     6 |     4 ||    34
         Potion            |       |     1 |       |     1 |     2 |       ||     4
   Stab: Petrified         |       |       |       |       |     8 |       ||     8
         Petrifying        |       |       |       |       |     1 |       ||     1
 Armour: Scale mail        |    43 |     2 |       |       |       |       ||    45
         Plate armour      |       |   119 |   149 |    82 |       |       ||   350
         Chain mail        |       |       |       |   135 |   846 |   189 ||  1170
  Dodge: Dodged            |    34 |    43 |    63 |   123 |   447 |    93 ||   803
  Block: Buckler           |    25 |    39 |    45 |   122 |   511 |    95 ||   837
         Reflection        |       |       |       |       |     8 |       ||     8
         Tower shield      |       |       |       |       |       |    84 ||    84

Table legend: (Time is in decaauts)
 A = Elapsed time spent in this place.
 B = Non-inter-level travel time spent in this place.
 C = Inter-level travel time spent in this place.
 D = Time resting spent in this place.
 E = Time spent auto-exploring this place.
 F = Levels seen in this place.
 G = Mean time per level.
                   A        B        C        D        E       F      G
               +--------+--------+--------+--------+--------+-----+--------+
         Total |  20163 |  18799 |   1364 |    232 |  11667 |  26 |  775.5 |
       Dungeon |  12934 |  12018 |    916 |    232 |   7548 |  15 |  862.3 |
        Temple |     54 |     54 |      0 |      0 |      0 |   1 |   54.0 |
          Lair |   4586 |   4334 |    252 |      0 |   2978 |   5 |  917.2 |
   Spider Nest |    794 |    764 |     30 |      0 |    353 |   2 |  397.0 |
  Orcish Mines |   1386 |   1221 |    165 |      0 |    786 |   2 |  693.0 |
      Gauntlet |    407 |    407 |      0 |      0 |      1 |   1 |  407.0 |
               +--------+--------+--------+--------+--------+-----+--------+

Top non-repeatable levels by time:
     D:3: 1515 daAuts
  Lair:5: 1223 daAuts
     D:6: 1033 daAuts
    D:11: 1015 daAuts
     D:7: 957 daAuts
     D:4: 937 daAuts
     D:9: 923 daAuts
   Orc:2: 899 daAuts
  Lair:4: 894 daAuts
     D:8: 861 daAuts
  Lair:1: 849 daAuts
  Lair:2: 834 daAuts
    D:12: 823 daAuts
     D:2: 805 daAuts
    D:10: 801 daAuts
